 Dungeon Crawl Stone Soup version 0.22-b1-21-g5cfc1688f2 (webtiles) character file.

58 Pisosu the Magician (level 3, -7/24 HPs)
             Began as a Mummy Wizard on Aug 5, 2018.
             Killed by divine providence
             ... invoked by an orc priest
              (10 damage)
             ... on level 3 of the Dungeon.
             The game lasted 00:07:46 (2378 turns).

Pisosu the Magician (Mummy Wizard)                  Turns: 2378, Time: 00:07:46

Health: -7/24      AC:  3    Str: 10    XL:     3   Next: 76%
Magic:  0/9        EV: 12    Int: 18    God:
Gold:   158        SH:  0    Dex: 10    Spells: 7/12 levels left

rFire    x . .     SeeInvis .   j - +2 hand axe (elec)
rCold    + . .     Gourm    .   (no shield)
rNeg     + + +     Faith    .   e - +0 robe
rPois    ∞         Spirit   .   b - +0 hat
rElec    .         Reflect  .   (no cloak)
rCorr    .         Harm     .   (no gloves)
MR       .....                  c - +0 pair of boots
Stlth    ++........             (no amulet)
HPRegen  0.08/turn              (no ring)
MPRegen  0.11/turn              (no ring)

@: no status effects
A: no food or potions, fire vulnerability, cold resistance 1, negative energy
resistance 3, torment resistance, unbreathing
a: no special abilities


You were on level 3 of the Dungeon.
You were not hungry.

You visited 1 branch of the dungeon, and saw 3 of its levels.

You collected 158 gold pieces.

Inventory:

Hand Weapons
 g - a +0 dagger of venom
 j - a +2 hand axe of electrocution (weapon)
Armour
 b - a +0 hat (worn)
 c - a +0 pair of boots (worn)
 e - a +0 robe (worn)
Scrolls
 a - a scroll of enchant armour {unknown}
 d - 5 scrolls of identify {unknown}
 f - a scroll of teleportation {unknown}
 h - 2 scrolls of magic mapping {unknown}
 i - 2 scrolls of remove curse {unknown}


   Skills:
 - Level 1.6 Dodging
 + Level 1.8 Stealth
 + Level 5.4 Spellcasting
 + Level 1.4 Conjurations
 + Level 0.7 Summonings
 + Level 0.7 Translocations


You had 7 spell levels left.
You knew the following spells:

 Your Spells              Type           Power        Failure   Level  Hunger
a - Magic Dart            Conj           ##..         7%          1    N/A
b - Call Imp              Summ           #.......     14%         2    N/A
c - Blink                 Tloc           N/A          14%         2    N/A

Your spell library contained the following spells:

 Spells                   Type           Power        Failure   Level  Hunger
 Conjure Flame            Conj/Fire      #.......     28%         3    N/A
 Slow                     Hex            #.......     19%         2    N/A
 Mephitic Cloud           Conj/Pois/Air  #.......     30%         3    N/A

Dungeon Overview and Level Annotations

Branches:
Dungeon (3/15)

Altars:
Gozag
Okawaru
Zin
The Shining One


Innate Abilities, Weirdness & Mutations

You do not eat or drink.
Your flesh is vulnerable to fire.
You are immune to poison.
Your flesh is cold resistant. (rC+)
You are immune to negative energy. (rN+++)
You are immune to unholy pain and torment.
You can survive without breathing.


Message History

You blink.
The orc shouts! 2 orcs come into view.
The orc priest closely misses you. The orc hits you but does no damage.
Casting: Blink (safe; 14% risk of failure)
Confirm with . or Enter, or press ? or * to list all spells.
You blink.
Casting: Blink (safe; 14% risk of failure)
Confirm with . or Enter, or press ? or * to list all spells.
You blink.
The orc priest looks braver for a moment.
Casting: Blink (safe; 14% risk of failure)
Confirm with . or Enter, or press ? or * to list all spells.
You blink.
The orc priest invokes the aid of Beogh against you.
Beogh smites you!
* * * LOW HITPOINT WARNING * * *
The orc priest calls down the wrath of Beogh upon you.
Beogh smites you!
You die...

#### ####### ###
##..####.....####.####
###.r................#.#
###.o.o...@.....%........##
###...oo.###........###......
#....o.#.# ##8...8### ###....
##......## ###.### #...†
#......## #...# ##...
#§...### #._.# #### .....#.##
#...# # ##...### ##### #..##


You could see an orc priest, 4 orcs and a rat.

Vanquished Creatures
  An adder (D:3)
  2 leopard geckos
  4 bats
  A giant cockroach (D:1)
  10 goblins
  5 hobgoblins
  4 jackals (D:1)
  5 kobolds (D:1)
  2 ball pythons
  4 frilled lizards
  A quokka zombie (D:2)
  5 rats
44 creatures vanquished.

Vanquished Creatures (others)
  5 toadstools (D:1)
5 creatures vanquished.

Grand Total: 49 creatures vanquished

Notes
Turn   | Place    | Note
-------+----------+-------------------------------------------
     0 | D:1      | Pisosu the Mummy Wizard began the quest for the Orb.
     0 | D:1      | Reached XP level 1. HP: 13/13 MP: 5/5
   455 | D:1      | Reached XP level 2. HP: 19/19 MP: 5/7
   829 | D:1      | Reached skill level 5 in Spellcasting
   829 | D:1      | Reached skill level 1 in Conjurations
   991 | D:1      | Learned a level 2 spell: Call Imp
  1153 | D:1      | Reached XP level 3. HP: 24/24 MP: 7/9
  1382 | D:2      | Found an opulent altar of Gozag.
  1740 | D:2      | Found an iron altar of Okawaru.
  2009 | D:2      | Found a glowing silver altar of Zin.
  2009 | D:2      | Noticed an angel
  2126 | D:3      | Learned a level 2 spell: Blink
  2360 | D:3      | Found a glowing golden altar of the Shining One.
  2378 | D:3      | Killed from afar by an orc priest

Skill      XL: |  1  2 |
---------------+-------+-----
Spellcasting   | 5 |  5.4
Conjurations   | 1 |  1.4
Dodging        | |  1.6
Stealth        | |  1.8
Summonings     | |  0.7
Translocations | |  0.7

Action                   || total
-------------------------++-------
Melee: Unarmed           ||     9
       Club              ||    23
 Cast: Magic Dart        ||    95
       Blink             ||     6
Armor: Robe              ||    17
Dodge: Dodged            ||    42
